 Dungeon Crawl Stone Soup version 0.29-a0-839-g4793fd635e (webtiles) character file.

Game seed: 600987381440875825

67 Goodini51 the Caller (level 4, 0/30 HPs)
             Began as a Merfolk Summoner on July 14, 2022.
             Killed from afar by Sigmund (8 damage)
             ... with a magic dart
             ... on level 3 of the Dungeon.
             The game lasted 00:11:33 (2097 turns).

Goodini51 the Caller (Merfolk Summoner)             Turns: 2097, Time: 00:11:33

Health: 0/30       AC:  2    Str:  8    XL:     4   Next: 16%
Magic:  0/8        EV: 17    Int: 22    God:
Gold:   166        SH:  0    Dex: 14    Spells: 2/8 levels left

rFire   . . .      SeeInvis .   l - +1 mace (protect)
rCold   . . .      Faith    .   (no shield)
rNeg    . . .      Spirit   +   a - +0 robe
rPois   .          Reflect  .   (no helmet)
rElec   .          Harm     .   (no cloak)
rCorr   .          Rampage  .   (no gloves)
Will    .....                   (no boots)
Stlth   ++........              j - amulet of guardian spirit
HPRegen 0.10/turn               g - +6 ring of intelligence
MPRegen 0.11/turn               m - +4 ring of evasion

@: no status effects
A: (nimble swimmer 2), mertail
a: no special abilities


You were on level 3 of the Dungeon.
You visited 1 branch of the dungeon, and saw 3 of its levels.

You collected 166 gold pieces.

Inventory:

Hand Weapons
 h - a +3 dagger of draining
 l - a +1 mace of protection (weapon)
Armour
 a - a +0 robe (worn)
Jewellery
 g - a +6 ring of intelligence (left hand)
 j - an amulet of guardian spirit (around neck)
 m - a +4 ring of evasion (right hand)
Scrolls
 d - 2 scrolls of torment {unknown}
 e - 2 scrolls of teleportation {unknown}
 f - a scroll of blinking {unknown}
 i - 3 scrolls of identify {unknown}
 o - a scroll of silence {unknown}
 r - a scroll of fog {unknown}
 u - a scroll of brand weapon {unknown}
 v - a scroll of enchant weapon {unknown}
Potions
 b - a potion of magic
 c - 2 potions of flight {unknown}
 k - a potion of attraction {unknown}
 n - 2 potions of lignification {unknown}
 p - a potion of might {unknown}
 q - 3 potions of curing {unknown}
 s - a potion of ambrosia {unknown}
 t - 2 potions of heal wounds {unknown}
 w - a potion of mutation {unknown}


   Skills:
 + Level 3.2 Dodging
 + Level 2.2 Stealth
 * Level 2.7 Spellcasting
 * Level 5.0 Summonings


You had 2 spell levels left.
You knew the following spells:

 Your Spells              Type           Power      Damage    Failure   Level
a - Summon Small Mammal   Summ           96%        N/A       1%          1
b - Call Imp              Summ           24%        N/A       2%          2
c - Call Canine Familiar  Summ           24%        N/A       4%          3

Your spell library contained the following spells:

 Spells                   Type           Power      Damage    Failure   Level
 Summon Guardian Golem    Hex/Summ       13%        N/A       14%         3
 Ozocubu's Armour         Ice            2%         N/A       36%         3
 Summon Lightning Spire   Summ/Air       13%        N/A       41%         4
 Ozocubu's Refrigeration  Ice            1%         4d5       100%        7


Dungeon Overview and Level Annotations

Branches:
Dungeon (3/15)

Altars:

Annotations:
D:3 Sigmund


Innate Abilities, Weirdness & Mutations

((You are very nimble when in or above water. (Stealth+, EV+, Speed+++)))
Your lower body shifts to a powerful aquatic tail in water.


Message History

Something hits you.
You see here a +0 club.
You see here a frilled lizard corpse.
Something hits you!
You see here a +0 club.
You swap places.
Found a sedimented coppery potion.
Found 4 gold pieces.
Something closely misses you.
Your crimson imp disappears in a puff of smoke!
You see here 6 gold pieces.
You now have 166 gold pieces (gained 6).
Casting: Call Imp (safe; 2% risk of failure)
Confirm with . or Enter, or press ? or * to list all spells.
A beastly little devil appears in a puff of frigid air.
Something hits you. Something hits your white imp.
You see here a sedimented coppery potion.
w - a sedimented coppery potion Something barely misses you.
Something closely misses you. Something hits you!
* * * LOW HITPOINT WARNING * * *
Something barely misses you.
Sigmund appears from thin air!
Reactivating autopickup.
Your white imp gestures at Sigmund.
The puff of frost hits Sigmund.
Sigmund barely misses your white imp.
Your white imp hits Sigmund but does no damage.
Sigmund casts a spell at your white imp.
The puff of flame hits your white imp!
Your white imp is burned terribly!
Your white imp dies!
Your white imp disappears in a puff of smoke!
Casting: Call Imp (safe; 2% risk of failure)
Confirm with . or Enter, or press ? or * to list all spells.
You don't have enough magic to cast this spell.
Sigmund points at you and mumbles some strange words.
The magic dart hits you!
You die...

.....................#
#...................#
#...................#
##...................#
#...)...........@..###
... #...†)..........##
..#########...###.......#
..............##.......##
#..............†@......#
#.....####.....#####.###
#...#.##....##.# #...
...........##### ###...
<............# ###.
.............#
.............#######
....................
.............#######


You could see Sigmund.

Vanquished Creatures
  2 ball pythons
  An endoplasm (D:1)
  2 goblins
  A frilled lizard (D:3)
  3 rats
9 creatures vanquished.

Vanquished Creatures (collateral kills)
  An adder (D:2)
  A worm (D:2)
  An orc (D:2)
  5 ball pythons
  3 endoplasms (D:1)
  2 giant cockroaches
  4 goblins
  7 hobgoblins
  2 quokkas (D:2)
  5 bats
  A frilled lizard (D:1)
  5 kobolds
  A rat (D:2)
38 creatures vanquished.

Grand Total: 47 creatures vanquished

Notes
Turn   | Place    | Note
-------+----------+-------------------------------------------
     0 | D:1      | Goodini51 the Merfolk Summoner began the quest for the Orb.
     0 | D:1      | Reached XP level 1. HP: 13/13 MP: 3/3
   132 | D:1      | Reached XP level 2. HP: 19/19 MP: 3/5
   157 | D:1      | Learned a level 2 spell: Call Imp
   728 | D:1      | Reached XP level 3. HP: 17/24 MP: 1/6
   831 | D:1      | Found a faded altar of an unknown god.
  1391 | D:2      | Learned a level 3 spell: Call Canine Familiar
  1462 | D:2      | Reached XP level 4. HP: 29/30 MP: 7/7
  2057 | D:3      | Noticed Sigmund
  2060 | D:3      | Reached skill level 5 in Summonings
  2097 | D:3      | Killed from afar by Sigmund

Illustrated notes

Levels and vault maps discovered:
D:1:      minmay_arrival_loop, layout_basic, chequers_ecumenical_altar_grove
D:2:      minmay_kobold_bridge, layout_basic, minmay_pentomino_p4
D:3:      layout_rooms, serial_corexii_hall, corexii_hall_statues_i,
          corexii_hall_statues_u, uniq_sigmund

Skill      XL: |  1  2  3  4 |
---------------+-------------+-----
Dodging        | 3 |  3.2
Summonings     | 5 |  5.0
Stealth        | |  2.2
Spellcasting   | |  2.7

Action                   |  1- 3 |  4- 6 || total
-------------------------+-------+-------++-------
Melee: Unarmed           |    16 |       ||    16
       Dagger            |     6 |       ||     6
       Mace              |     1 |     7 ||     8
 Cast: Summon Small Mamm |     9 |       ||     9
       Call Imp          |    16 |     4 ||    20
       Call Canine Famil |     1 |     2 ||     3
Armor: Robe              |    10 |     1 ||    11
Dodge: Dodged            |    48 |     8 ||    56

Table legend: (Time is in decaauts)
 A = Elapsed time spent in this place.
 B = Non-inter-level travel time spent in this place.
 C = Inter-level travel time spent in this place.
 D = Time resting spent in this place.
 E = Time spent auto-exploring this place.
 F = Levels seen in this place.
 G = Mean time per level.
                   A        B        C        D        E       F      G
               +--------+--------+--------+--------+--------+-----+--------+
         Total |   2097 |   2035 |     62 |     68 |   1413 |   3 |  699.0 |
       Dungeon |   2097 |   2035 |     62 |     68 |   1413 |   3 |  699.0 |
               +--------+--------+--------+--------+--------+-----+--------+

Top non-repeatable levels by time:
     D:2: 1049 daAuts
     D:1: 968 daAuts
     D:3: 80 daAuts
